 Dungeon Crawl Stone Soup version 0.20-a0-795-ga03948b (webtiles) character file.

150 Alarkh the Slasher (level 5, 42/42 HPs)
             Began as a Demonspawn Monk on Mar 1, 2017.
             Quit the game on level 3 of the Dungeon.
             The game lasted 00:01:56 (2560 turns).

Alarkh the Slasher (Demonspawn Monk)                Turns: 2560, Time: 00:01:56

Health: 42/42      AC:  6    Str: 11    XL:     5   Next: 10%
Magic:  5/5        EV: 14    Int: 12    God:
Gold:   197        SH:  0    Dex: 16    Spells: 4/4 levels left

rFire    . . .     SeeInvis .   a - +0 long sword
rCold    . . .     Gourm    .   b - +0 robe
rNeg     . . .     Faith    .   (no shield)
rPois    .         Spirit   +   (helmet restricted)
rElec    .         Reflect  .   i - +0 cloak
rCorr    .         Harm     .   (no gloves)
MR       .....                  p - +0 pair of boots (curse)
Stlth    ++........             (no amulet)
Regen    0.2/turn               (no ring)
MPRegen  0.1/turn               (no ring)

@: no status effects
A: horns 1, thin metallic scales 1, spiny 1, magic shield
a: no special abilities


You were on level 3 of the Dungeon.
You were not hungry.

You visited 1 branch of the dungeon, and saw 3 of its levels.

You collected 197 gold pieces.

Inventory:

Hand Weapons
 a - a +0 long sword (weapon)
 d - a +0 falchion
Armour
 b - a +0 robe (worn)
 i - a +0 cloak (worn)
 p - a cursed +0 pair of boots (worn)
Scrolls
 e - a scroll of identify
 k - a scroll of remove curse {unknown}
 l - 2 scrolls of enchant weapon {unknown}
Potions
 h - a potion of curing
 j - a potion of brilliance
 m - a potion of might {unknown}
 o - a potion of experience {unknown}
Comestibles
 c - 2 bread rations
 f - 2 royal jellies
 g - a fruit


   Skills:
 + Level 3.8 Fighting
 * Level 4.0 Long Blades
 + Level 3.7 Dodging
 - Level 1.7 Stealth


You had 4 spell levels left.
You didn't know any spells.

Dungeon Overview and Level Annotations

Branches:
Dungeon (3/15)

Altars:
Sif Muna
Trog


Innate Abilities, Weirdness & Mutations

You have a pair of small horns on your head.
You are partially covered in thin metallic scales. (AC +2)
You are partially covered in sharp spines.
When hurt, damage is shared between your health and your magic reserves.


Message History

You closely miss Terence.
Terence is severely wounded.
Terence barely misses you.
You riposte.
You hit Terence.
Terence is almost dead.
You hit Terence but do no damage. You headbutt Terence, but do no damage.
Terence is almost dead.
Terence misses you.
You hit Terence but do no damage.
Terence is almost dead.
Terence is struck by your spines. Terence hits you but does no damage.
You hit Terence.
You kill Terence!
Your Long Blades skill increases to level 4!
You have reached level 5!
Your demonic ancestry asserts itself...
You feel your magical essence form a protective shroud around your flesh.
All of the chunks of flesh in your inventory have rotted away.
Things that are here:
a flail; a shiny scale mail; the human corpse of Terence Are you sure you want to abandon this character and quit the game? (Confirm with "yes".)

### #.# ..# #.# #.# #.#
#### #@# #... #.# #...
####.#.#############...
.............[......'...
#######.#############...
.... #### ...#.# #
..##.#.# . . #.#


There were no monsters in sight!

Vanquished Creatures
  Terence (D:3)
  3 gnolls
  3 adders
  An ooze (D:3)
  2 worms
  2 dart slugs
  2 leopard geckos
  A ball python (D:1)
  11 bats
  2 giant cockroaches
  4 goblins
  9 hobgoblins
  6 kobolds
  A quokka (D:2)
  5 frilled lizards
  6 rats
59 creatures vanquished.

Notes
Turn   | Place    | Note
-------+----------+-------------------------------------------
     0 | D:1      | Alarkh the Demonspawn Monk began the quest for the Orb.
     0 | D:1      | Reached XP level 1. HP: 18/18 MP: 1/1
   267 | D:1      | Reached skill level 3 in Long Blades
   270 | D:1      | Gained mutation: You are partially covered in thin metallic scales. (AC +2) [demonic ancestry]
   270 | D:1      | Reached XP level 2. HP: 15/24 MP: 2/2
  1021 | D:1      | Gained mutation: You are partially covered in sharp spines. [demonic ancestry]
  1021 | D:1      | Reached XP level 3. HP: 29/29 MP: 3/3
  1226 | D:2      | Found a bloodstained altar of Trog.
  1267 | D:1      | Gained mutation: You have a pair of small horns on your head. [demonic ancestry]
  1267 | D:1      | Reached XP level 4. HP: 18/35 MP: 4/4
  2261 | D:3      | Found a deep blue altar of Sif Muna.
  2469 | D:3      | Noticed Terence
  2487 | D:3      | Killed Terence
  2487 | D:3      | Reached skill level 4 in Long Blades
  2487 | D:3      | Gained mutation: When hurt, damage is shared between your health and your magic reserves. [demonic ancestry]
  2487 | D:3      | Reached XP level 5. HP: 32/42 MP: 5/5
  2560 | D:3      | Quit the game

Vault maps used:
D:1:      grunt_arrival_crossed_arrows, serial_bayou_pond_d
D:2:      lightli_temple_of_fire
D:3:      lemuel_blue_sif_altar, first_bread, minmay_cupped, uniq_terence

Skill      XL: |  1  2  3  4 |
---------------+-------------+-----
Long Blades    | 3 4 |  4.0
Dodging        | 3 |  3.7
Fighting       | |  3.8
Stealth        | |  1.7

Action                   |  1- 3 |  4- 6 || total
-------------------------+-------+-------++-------
Melee: Falchion          |    94 |       ||    94
       Long sword        |    10 |    61 ||    71
       Headbutt          |       |    12 ||    12
  Use: Scroll            |       |     2 ||     2
 Stab: Sleeping          |     1 |     1 ||     2
  Eat: Chunk             |     1 |     4 ||     5
Armor: Robe              |    27 |    15 ||    42
Dodge: Dodged            |   109 |    46 ||   155
       Rpst.: Falchion   |    16 |       ||    16
       Long sword        |     3 |    15 ||    18
